 Dungeon Crawl Stone Soup version 0.29.0-13-gc9e81de378 (webtiles) character file.

Game seed: 7821716440112198952

58 Artool the Cudgeller (level 3, 0/28 HPs)
             Began as a Demonspawn Gladiator on Sept 8, 2022.
             Slain by a gnoll
             ... wielding a +0 club
              (2 damage)
             ... on level 1 of the Dungeon.
             The game lasted 00:02:01 (1447 turns).

Artool the Cudgeller (Demonspawn Gladiator)         Turns: 1447, Time: 00:02:01

Health: 0/28       AC:  8    Str: 16    XL:     3   Next: 75%
Magic:  3/3        EV: 11    Int:  9    God:
Gold:   90         SH:  0    Dex: 14    Spells: 2/2 levels left

rFire   . . .      SeeInvis .   a - +0 flail
rCold   . . .      Faith    .   (no shield)
rNeg    . . .      Spirit   .   l - +0 ring mail
rPois   .          Reflect  .   c - +0 helmet
rElec   .          Harm     .   (no cloak)
rCorr   .          Rampage  .   (no gloves)
Will    .....                   (no boots)
Stlth   +.........              (no amulet)
HPRegen 0.09/turn               (no ring)
MPRegen 0.08/turn               (no ring)

@: no status effects
A: icy blue scales 1
a: no special abilities


You were on level 1 of the Dungeon.
You visited 1 branch of the dungeon, and saw 2 of its levels.

You collected 90 gold pieces.

Inventory:

Hand Weapons
 a - a +0 flail (weapon)
Missiles
 d - 3 throwing nets
 e - a javelin
 h - 4 poisoned darts (quivered)
Armour
 b - a +0 leather armour
 c - a +0 helmet (worn)
 l - a +0 ring mail (worn)
Scrolls
 f - a scroll of fog {unknown}
 g - a scroll of amnesia {unknown}
 i - a scroll of vulnerability {unknown}
 j - a scroll of identify {unknown}
Potions
 k - a potion of might {unknown}
 m - a potion of heal wounds {unknown}


   Skills:
 + Level 2.8 Fighting
 + Level 3.2 Maces & Flails
 - Level 2.0 Throwing
 + Level 3.2 Dodging


You had 2 spell levels left.
You didn't know any spells.
Your spell library was empty.

Dungeon Overview and Level Annotations

Branches:
Dungeon (2/15)

Altars:

Shops:
D:1 *   D:2 :


Innate Abilities, Weirdness & Mutations

You are partially covered in icy blue scales. (AC +2)


Message History

You see here a dart slug corpse.
A gnoll is nearby!
A gnoll comes into view. It is wielding a +0 club.
The gnoll hits you from afar with a +0 spear.
There are monsters nearby!
The gnoll shouts!
You hear a shout!
The gnoll closely misses you.
You barely miss the gnoll. The gnoll hits you but does no damage.
You hit the gnoll.
The gnoll is lightly wounded.
The gnoll barely misses you. x2
You hit the gnoll.
The gnoll is moderately wounded.
The gnoll closely misses you. The gnoll hits you with a +0 spear.
The gnoll hits you but does no damage. x2
You are too injured to fight recklessly!
The gnoll misses you. The gnoll attacks as you move away!
The gnoll hits you with a +0 club.
You see here a dart slug corpse.
The gnoll attacks as you move away! The gnoll hits you but does no damage.
A gnoll comes into view. It is wielding a +0 halberd.
The gnoll attacks as you move away! The gnoll closely misses you.
Things that are here:
a +0 spear; a gnoll corpse The gnoll attacks as you move away!
The gnoll barely misses you. The gnoll attacks as you move away!
The gnoll hits you with a +0 club!
* * * LOW HITPOINT WARNING * * *
The gnoll attacks as you move away! The gnoll hits you with a +0 club.
* * * LOW HITPOINT WARNING * * *
The gnoll attacks as you move away! The gnoll barely misses you.
The gnoll attacks as you move away! The gnoll hits you but does no damage.
There is a stone staircase leading up here.
The gnoll hits you but does no damage. x2
You climb upwards.
There is a stone staircase leading down here.
The gnoll attacks as you move away! The gnoll closely misses you.
You closely miss the gnoll.
The gnoll is moderately wounded.
The gnoll hits you with a +0 club.
You die...

#####....# #####
###..^..##.##
....###...######..#
###.#...### ##.# #...###
#.# ###..## ##.# ......#
###..#
...##.########....##
................@g.#
###..###..########>#
##..........####.#
#####.####....#.######
#######.................#
.........#.#######.######
........##.# #..#
##########.## #.## ..#
#..# #.#


You could see a gnoll.

Vanquished Creatures
  A gnoll (D:2)
  An adder (D:2)
  2 dart slugs
  3 ball pythons
  4 bats (D:2)
  A giant cockroach (D:1)
  2 hobgoblins (D:1)
  6 jackals
  2 kobolds
  2 frilled lizards
  6 goblins
  3 rats (D:2)
33 creatures vanquished.

Notes
Turn   | Place    | Note
-------+----------+-------------------------------------------
     0 | D:1      | Artool the Demonspawn Gladiator began the quest for the
                  | Orb.
     0 | D:1      | Reached XP level 1. HP: 16/16 MP: 1/1
    14 | D:1      | Found Ezximmau's General Store.
   195 | D:1      | Gained mutation: You are partially covered in icy blue
                  | scales. (AC +2) [demonic ancestry]
   195 | D:1      | Reached XP level 2. HP: 22/22 MP: 2/2
   761 | D:2      | Found Fuwk's Book Shoppe.
   773 | D:2      | Reached XP level 3. HP: 6/28 MP: 3/3
  1436 | D:2      | HP: 1/28 [gnoll/+0 club (5)]
  1447 | D:1      | Slain by a gnoll

Illustrated notes

Levels and vault maps discovered:
D:1:      saegor_arrival_simple_d, layout_rooms, serial_shops,
          nicolae_shop_crystal, minmay_misc_feat_ornament
D:2:      layout_rooms, serial_shops, shop

Skill      XL: |  1  2 |
---------------+-------+-----
Throwing       | 2 |  2.0
Maces & Flails | 3 |  3.2
Dodging        | 3 |  3.2
Fighting       | |  2.8

Action                   || total
-------------------------++-------
Melee: Flail             ||    96
Armor: Leather armour    ||    38
       Ring mail         ||    29
Dodge: Dodged            ||    82
